cohdb
Replays
Latest Replays
All Replays
Popular Replays
Top Player Replays
Match Explorer
How It Works
Community
CoH3 Stats
Reddit
Sign in to upload your games and track your stats! →
Sign in with Steam
Match 43146590
Unlisted
Match 43146590
Overview
Messages
Build Orders
End
Construct Section Command Post
Infantry Section
Forward Retreat Point
Grenade Package
Construct Field Infirmary
Selects Canadian Shock Battlegroup
Selects Attacking Spirit
Selects Canadian Shock Section
Canadian Shock Section
Selects Incendiary Munitions
Construct Platoon Command Post
Humber Armored Car
Selects Pyrotechnics
Canadian Shock Section
Nate
Bouncer
Kendall
怀恋过去
Joraad
FPYSM
Boywonderbates
evilhound
0
0
Comments
sign in to comment!
No comments posted yet!